 Dungeon Crawl Stone Soup version 0.30.1-10-g1249ef9ec4 (webtiles) character file.

Game seed: 14178273761405553409

40 SacredBeard the Grave Robber (level 3, 0/24 HPs)
             Began as a Demonspawn Necromancer on Oct 26, 2023.
             Slain by a cerulean imp
             ... wielding a +2 spear
             ... summoned by Natasha
              (3 damage)
             ... on level 2 of the Dungeon.
             The game lasted 00:05:50 (1253 turns).

SacredBeard the Grave Robber (DsNe)                 Turns: 1253, Time: 00:05:53

Health: 0/24       AC:  3    Str: 10    XL:     3   Next: 30%
Magic:  1/6        EV: 12    Int: 16    God:
Gold:   28         SH:  0    Dex: 13    Spells: 5/6 levels left

rFire   . . .        j - +0 dagger (protect)
rCold   . . .        (no shield)
rNeg    . . .        a - +0 robe
rPois   .            (helmet restricted)
rElec   .            (no cloak)
rCorr   .            c - +0 pair of gloves
SInv    .            (no boots)
Will    .....        (no amulet)
Stlth   ++           (no ring)
HPRegen 0.24/turn    (no ring)
MPRegen 0.10/turn

%: no passive effects
@: slowed, very slow
A: antennae 1, demonic guardian 1
a: no special abilities


You were on level 2 of the Dungeon.
You visited 1 branch of the dungeon, and saw 2 of its levels.

You collected 28 gold pieces.

Inventory:

Hand Weapons
 j - a +0 dagger of protection (weapon)
Armour
 a - a +0 robe (worn)
 c - a +0 pair of gloves (worn)
 h - a +0 buckler
Scrolls
 f - a scroll of magic mapping {unknown}
 k - 2 scrolls of amnesia {unknown}
 l - a scroll of fog {unknown}
 m - a scroll of noise {unknown}
Potions
 b - a potion of magic


   Skills:
 + Level 1.2 Armour
 - Level 2.0 Dodging
 - Level 2.0 Stealth
 + Level 2.4 Spellcasting
 + Level 4.8 Necromancy


You had 5 spell levels left.
You knew the following spells:

 Your Spells              Type           Power      Damage    Failure   Level
a - Necrotise             Necr           68%        1d7       2%          1

Your spell library contained the following spells:

 Spells                   Type           Power      Damage    Failure   Level
 Vampiric Draining        Necr           17%        2d7       9%          3
 Animate Dead             Necr           17%        N/A       26%         4
 Agony                    Necr           17%        N/A       58%         5


Dungeon Overview and Level Annotations

Branches:
Dungeon (2/15) Zot: 10744

Altars:

Annotations:
D:2 Natasha


Innate Abilities, Weirdness & Mutations

You have a pair of small antennae on your head.
A weak demonic guardian rushes to your aid.


Message History

You hit the giant cockroach.
You kill the giant cockroach!
Natasha hisses angrily.
Natasha casts a spell at you. The magic dart hits you.
Natasha writhes in agony.
You hit Natasha.
Your weapon exudes an aura of protection.
Natasha is moderately wounded.
Natasha stares at you and mumbles some strange words.
The magic dart hits you!
You hit Natasha but do no damage.
Natasha is moderately wounded.
Natasha stares at you and mumbles some strange words.
The magic dart hits you.
You hit Natasha but do no damage.
Natasha is moderately wounded.
Natasha claws you but does no damage.
You hit Natasha.
Natasha is moderately wounded.
Natasha howls an incantation.
You feel troubled. Natasha claws you but does no damage.
You hit Natasha.
Natasha is heavily wounded.
Natasha mumbles some strange words.
Natasha casts a spell at you.
You feel yourself slow down.
The cerulean imp hits you but does no damage.
Things that are here:
a +0 club; a stone; a kobold corpse
Found a scale mail.
The cerulean imp closely misses you.
The cerulean imp attacks as you move away!
The cerulean imp hits you with a +2 spear.
* * * LOW HITPOINT WARNING * * *
The cerulean imp hits you from afar with a +2 spear.
* * * LOW HITPOINT WARNING * * *
A demonic guardian appears!
The cerulean imp hits you from afar with a +2 spear.
You die...

#.8#....# #.......# #..####.#
#..####.# ###### #..##
#.###....##.## .....# #..#.
#h.##h........ .###.##
#..#.##5#.#.#####..#
.#....####8.#.#{#..h........#
..>#....†8⌠.#.5##.#..######.
.###...8....###.#5..##
......####### ##@#.##
...##..#### ##..# #..Z.......
#..# #..######## ..... #..#
.#..##[ #..# ... .. #..# ..##
. ...# .## ##.#


You could see a cerulean imp (summoned, ally target) and a friendly ufetubus
(summoned, wandering).

Vanquished Creatures
  2 dart slugs
  2 ball pythons
  2 endoplasms (D:1)
  3 giant cockroaches
  2 goblins (D:1)
  2 hobgoblins
  7 jackals
  A kobold (D:2)
  2 quokkas (D:2)
  3 bats (D:1)
  2 frilled lizards (D:1)
28 creatures vanquished.

Vanquished Creatures (collateral kills)
  A jackal (D:2)
1 creature vanquished.

Grand Total: 29 creatures vanquished

Notes
Turn   | Place    | Note
-------+----------+-------------------------------------------
     0 | D:1      | SacredBeard the Demonspawn Necromancer began the quest for
                  | the Orb.
     0 | D:1      | Reached XP level 1. HP: 13/13 MP: 3/3
   214 | D:1      | Gained mutation: A weak demonic guardian rushes to your
                  | aid. [demonic ancestry]
   214 | D:1      | Reached XP level 2. HP: 19/19 MP: 3/5
  1090 | D:2      | Reached skill level 1 in Armour
  1180 | D:2      | Gained mutation: You have a pair of small antennae on your
                  | head. [demonic ancestry]
  1180 | D:2      | Reached XP level 3. HP: 24/24 MP: 6/6
  1192 | D:2      | Noticed Natasha
  1253 | D:2      | Slain by a cerulean imp

Illustrated notes

Levels and vault maps discovered:
D:1:      evilmike_arrival_crescent, layout_basic
D:2:      layout_loops_cross, basic_altar, dk_noncrumbling_2, st_stairs_11,
          grunt_ministairs_2, chequers_decorated_corner, minivault_25,
          uniq_natasha

Skill      XL: |  1  2 |
---------------+-------+-----
Stealth        | 2 |  2.0
Dodging        | 2 |  2.0
Armour         | 1 |  1.2
Spellcasting   | |  2.4
Necromancy     | |  4.8

Action                     || total
---------------------------++-------
  Melee: Dagger            ||    36
   Cast: Necrotise         ||    38
   Stab: Sleeping          ||     1
 Armour: Robe              ||    17
  Dodge: Dodged            ||    28
